AoeStats
← 76561199495878758

Black Forest

510318537Analyzed
4v4 RM · 3d ago on Sep 30, 2026· 22m 36s· 8 players
Game mode
Random Map
Map size
Large (8 player)
Population
200
Speed
Normal
Resources
Standard
Victory
Conquest
Starting age
Dark Age
Ending age
Imperial Age
RankedLock teamsTeams togetherTeam positionsShared explorationLock speedFull tech treeHidden civsTurbo modeCheats
Victory
Defeat
🇻🇳 Danes · Vietnam
919
+15
🇦🇷 Franks · Argentina
911
+16
🇻🇳 Mongols · Vietnam
899
+16
🇹🇼 Sicilians · Taiwan
846
+19
🇦🇷 Bohemians · Argentina
921
-17
🇨🇳 Khmer · China
907
-17
🇦🇷 Magyars · Argentina
898
-16
🇩🇪 Hindustanis · Germany
885
-16
not.matiasz
4:14 Loom
10:48 Feudal Age
15:50 Castle Age
14:39 Scale Barding Armor
14:54 Double-Bit Axe
76561199495878758
10:09 Feudal Age
16:41 Castle Age
15:55 Double-Bit Axe
15:59 Horse Collar
21:44 Stone Mining
Lincold
0:54 Loom
13:03 Feudal Age
13:52 Horse Collar
23:02 Castle Age
Jimmy Levy (GEO)
0:40 Loom
14:42 Feudal Age
20:09 Castle Age
18:14 Double-Bit Axe
巧克力布丁
7:20 Loom
11:34 Feudal Age
17:52 Castle Age
16:07 Double-Bit Axe
16:26 Horse Collar
17:02 Stone Mining
18:55 Wheelbarrow
19:57 Gold Mining
20:36 Bow Saw
22:51 Hand Cart
Katun
0:48 Loom
12:41 Feudal Age
14:31 Double-Bit Axe
14:28 Horse Collar
20:42 Castle Age
18:40 Gold Mining
21:59 Bow Saw
22:57 Stone Mining
Peaky Blinders
2:00 Loom
10:39 Feudal Age
15:40 Castle Age
13:28 Double-Bit Axe
13:47 Horse Collar
白馬义从
0:47 Loom
11:33 Feudal Age
12:40 Double-Bit Axe
20:06 Castle Age
20:10 Stone Mining
20:13 Gold Mining
20:47 Town Watch
23:41 Wheelbarrow
Connection lost

Rejoining the realm…

Still unreachable

The connection could not be restored.

Session expired

The server has moved on; the page needs a fresh start.